AoeStats
← MAN1YAKFOX

Arena

509842949Analyzed
1v1 RM · 5d ago on Sep 28, 2026· 35m 27s· 2 players
Game mode
Random Map
Map size
Tiny (2 player)
Population
200
Speed
Normal
Resources
Standard
Victory
Conquest
Starting age
Dark Age
Ending age
Imperial Age
RankedLock teamsTeams togetherTeam positionsShared explorationLock speedFull tech treeHidden civsTurbo modeCheats
Victory
Defeat
🇷🇺 Romans · Russia
1065
+17
🇮🇹 Sicilians · Italy
1093
-17
PilgrimSoul
9:27 Feudal Age
7:50 Loom
9:38 Feudal Age
12:20 Horse Collar
12:29 Double-Bit Axe
16:58 Castle Age
17:12 Wheelbarrow
19:26 Heavy Plow
21:37 Forging
21:27 Scale Mail Armor
22:33 Fletching
23:21 Iron Casting
22:37 Fletching
24:26 Chain Mail Armor
24:59 Bodkin Arrow
28:31 Bow Saw
28:55 Gold Mining
31:53 Imperial Age
34:39 Elite Serjeant
MAN1YAKFOX
5:11 Loom
11:42 Feudal Age
13:15 Fletching
13:07 Man-at-Arms
20:24 Castle Age
20:25 Scale Mail Armor
20:43 Forging
20:41 Long Swordsman
21:33 Bodkin Arrow
22:14 Squires
25:49 Double-Bit Axe
31:05 Imperial Age
31:14 Imperial Age
30:30 Horse Collar
32:09 Ballistics
32:39 Chain Mail Armor
32:39 Capped Ram
32:46 Capped Ram
Connection lost

Rejoining the realm…

Still unreachable

The connection could not be restored.

Session expired

The server has moved on; the page needs a fresh start.